[Event "*** SCC Grand Prix: Titled Tuesday Blitz"]
[Site "Chess.com"]
[Date "2020.09.29"]
[Round "2"]
[White "Quiet_Desperation"]
[Black "m_ezat"]
[Result "0-1"]
[WhiteElo "2014"]
[BlackElo "2622"]
[TimeControl "180+1"]
[EndTime "10:16:55 PDT"]
[Termination "m_ezat won by resignation"]

1. e4 c6 2. d4 d5 3. exd5 cxd5 4.
c4 Nf6 5. Nc3 g6 6. Nf3 Bg7 7.
cxd5 O-O 8. Bc4 Na6 9. O-O Nc7 10. Bg5 Ncxd5 11. Nxd5 Nxd5 12. Re1 Be6 13. h3 Rc8 14. Bb3 Re8 15. Qd2 Qb6 16. Bh6 Bf6 17. Ng5 Bxg5 18. Qxg5 Qd6 19. h4 b5 20. h5 a5 21. hxg6 hxg6 22. a4 bxa4 23. Rxe6 Qxe6 24. Bxd5 Qf6 25.
Qxf6 exf6 26. Rxa4 g5 27. f4 g4 28. f5 g3 29. Bd2 Re2 30. Kf1 Rxd2 31. Bc4 Rf2+ 32. Ke1 Rxg2 33. b3 Rb2 34. Kf1 Re8 35. Rxa5 Rf2+ 0-1

[Event "*** SCC Grand Prix: Titled Tuesday Blitz"]
[Site "Chess.com"]
[Date "2020.09.29"]
[Round "2"]
[White "ajkom197"]
[Black "TrimitziosP7"]
[Result "0-1"]
[WhiteElo "2447"]
[BlackElo "2829"]
[TimeControl "180+1"]
[EndTime "10:16:55 PDT"]
[Termination "TrimitziosP7 won by resignation"]

1. c4 c6 2. e4 d5 3. exd5 cxd5 4. d4 Nf6 5. Nc3 Nc6 6. Nf3 Bg4 7. cxd5 Nxd5 8. Qb3 Bxf3 9. gxf3 e6 10. Qxb7 Nxd4 11.
Bb5+ Nxb5 12. Qc6+ Ke7 13. Qxb5 Rc8 14. O-O Qd7 15.
Nxd5+ Qxd5 16. Qxd5 exd5 17. Rd1 Ke6 18. Re1+ Kf5 19.
Rd1 Rd8 20. Be3 Rd7 21. Rd4 Bc5 22. Rf4+ Ke5 23. Re1 Bxe3 24. fxe3 Rhd8 25. Kf2 f5 26. Rd1 d4 27. Rfxd4 Rxd4 28. exd4+ Rxd4 29. Re1+ Kf4 30. Re7 g5 31. Rxh7 Rd2+ 32. Ke1 Rxb2 33. h4 gxh4 34.
Rxh4+ Kxf3 35. Ra4 Rb7 36. Ra3+ Kg2 37. Ra4 Re7+ 38.
Kd2 Kg3 39. Ra3+ Kg4 40. Re3 Rxe3 41. Kxe3 Kg3 42. Ke2 f4 43. Kf1 Kf3 44. a3 a6 0-1

[Event "*** SCC Grand Prix: Titled Tuesday Blitz"]
[Site "Chess.com"]
[Date "2020.09.29"]
[Round "2"]
[White "DrMamaliga"]
[Black "Gahan-MG"]
[Result "0-1"]
[WhiteElo "2289"]
[BlackElo "2583"]
[TimeControl "180+1"]
[EndTime "10:16:55 PDT"]
[Termination "Gahan-MG won by resignation"]

1. c4 Nf6 2. Nf3 g6 3. b4 a5 4.
b5 Bg7 5. Bb2 O-O 6. g3 d5 7.
Na3 dxc4 8. Nxc4 a4 9. Bg2 Qd5 10. Na3 Nbd7 11. O-O Nb6 12. Ne5 Qe6 13. Nd3 Nc4 14.
Nxc4 Qxc4 15. Qb1 Qxb5 16. Bxf6 Qxb1 17. Raxb1 Bxf6 18. Bxb7 Be6 19. Bxa8 Rxa8 20. a3 Bf5 21. Rfc1 Bxd3 22. exd3 Be5 23. Rc4 Bd6 24. Kf1 h5 25. h4 Kg7 26. Ke2 Kf6 27. d4 Ke6 28. Kd3 Ra5 29. Rc3 Kd5 30. Rb8 c5 31. Rf8 cxd4 32.
Rcc8 Bxa3 33. Rxf7 Bb2 34. Kc2 a3 35. Rd8+ Ke6 0-1

[Event "*** SCC Grand Prix: Titled Tuesday Blitz"]
[Site "Chess.com"]
[Date "2020.09.29"]
[Round "2"]
[White "Rodalquilar"]
[Black "Rital44"]
[Result "0-1"]
[WhiteElo "2777"]
[BlackElo "2365"]
[TimeControl "180+1"]
[EndTime "10:16:55 PDT"]
[Termination "Rital44 won by checkmate"]

1. d4 e5 2. dxe5 Nc6 3. Nf3 Qe7 4. e4 Nxe5 5. Nc3 Nf6 6. Bg5 c6 7. Be2 h6 8. Bf4 Ng6 9. Bg3 Qb4 10. O-O Qxb2 11.
Qd3 Bb4 12. Na4 Qa3 13. c3 Be7 14. Qc2 d5 15. exd5 Nxd5 16. Rfe1 O-O 17. Bd3 Bf6 18. Nd4 Bd7 19. Nf5 Nxc3 20. Nb2 Bxf5 21. Bxf5 Nd5 22. Nc4 Qa6 23. Rac1 Rfe8 24. Nd6 Rxe1+ 25. Rxe1 Qa5 26.
Rd1 Qb4 27. Bxg6 fxg6 28. Qxg6 Nc3 29. Rf1 Rd8 30. Nf5 Qc4 31. Nxh6+ Kf8 32. Nf5 Qxf1+ 33.
Kxf1 Rd1# 0-1

[Event "*** SCC Grand Prix: Titled Tuesday Blitz"]
[Site "Chess.com"]
[Date "2020.09.29"]
[Round "2"]
[White "Synctel"]
[Black "ajgreen"]
[Result "0-1"]
[WhiteElo "1992"]
[BlackElo "2371"]
[TimeControl "180+1"]
[EndTime "10:16:55 PDT"]
[Termination "ajgreen won on time"]

1. e4 c5 2. Ne2 e6 3. d4 cxd4 4. Nxd4 Nc6 5. Nc3 Nf6 6. Nxc6 bxc6 7. Bd3 d5 8. Qe2 Rb8 9. O-O Be7 10. e5 Nd7 11. f4 Nc5 12. Qg4 Nxd3 13. cxd3 g6 14. Ne2 Ba6 15. Qf3 Qa5 16. Kh1 O-O 17. f5 exf5 18.
e6 Qc7 19. exf7+ Rxf7 20. Bf4 Bd6 21. b3 Re8 22. Bxd6 Qxd6 23. Nf4 Rfe7 24. Qf2 Re3 25. d4 Bxf1 26. Rxf1 c5 27. dxc5 Qxc5 28. h3 d4 29. Qh4 d3 30. Qf6 Qe5 0-1

[Event "*** SCC Grand Prix: Titled Tuesday Blitz"]
[Site "Chess.com"]
[Date "2020.09.29"]
[Round "2"]
[White "Kaua18"]
[Black "RobPeresian"]
[Result "1-0"]
[WhiteElo "2262"]
[BlackElo "2421"]
[TimeControl "180+1"]
[EndTime "10:16:56 PDT"]
[Termination "Kaua18 won by resignation"]

1. e4 e5 2. Nf3 Nc6 3. Bb5 a6 4.
Ba4 Nf6 5. O-O b5 6. Bb3 Bc5 7. c3 d6 8. d4 Bb6 9. a4 Rb8 10. a5 Ba7 11. h3 h6 12. Re1 O-O 13. Be3 exd4 14. Nxd4 Nxd4 15. Bxd4 Bxd4 16. cxd4 Re8 17.
f3 c5 18. Nc3 Qc7 19. Nd5 Nxd5 20. Bxd5 Be6 21. Bxe6 Rxe6 22. d5 Re7 23. Qd2 c4 24. Rac1 Qa7+ 25. Kh2 Rbe8 26. Qb4 Qb8 27. b3 cxb3 28.
Rc6 f5 29. Rxa6 fxe4 30. fxe4 b2 31. Rb6 Qc7 32. Rxb5 Qc2 33. Qxb2 Qd3 34. Rb3 Qc4 35.
Rbe3 Rxe4 36. Rxe4 Rxe4 37. Rxe4 Qxe4 38. Qb8+ Kh7 39.
Qxd6 1-0

[Event "*** SCC Grand Prix: Titled Tuesday Blitz"]
[Site "Chess.com"]
[Date "2020.09.29"]
[Round "2"]
[White "PavelShkapenko"]
[Black "elohunter1999"]
[Result "1-0"]
[WhiteElo "2705"]
[BlackElo "2459"]
[TimeControl "180+1"]
[EndTime "10:16:57 PDT"]
[Termination "PavelShkapenko won by resignation"]

1. e4 e5 2. Nf3 Nc6 3. Bc4 Bc5 4. c3 Nf6 5. d4 exd4 6. cxd4 Bb4+ 7. Bd2 Bxd2+ 8.
Nbxd2 d5 9. exd5 Nxd5 10. O-O O-O 11. Rc1 Bg4 12. h3 Bh5 13. Re1 Nce7 14. Ne4 c6 15.
Ng3 Bxf3 16. Qxf3 Qd7 17. Bb3 Rfe8 18. Nh5 Rad8 19. Re5 f6 20. Re2 Kh8 21. Rce1 Nf5 22. Rxe8+ Rxe8 23. Rxe8+ Qxe8 24. Qxf5 g6 25. Qf3 gxh5 26.
Bxd5 cxd5 27. Qxf6+ Kg8 28. Qg5+ Kf8 29. Qf4+ Kg8 30.
Kh2 Qe2 31. Qg5+ Kf8 32. Qf5+ Ke7 33. Qe5+ Qxe5+ 34. dxe5 Ke6 35. f4 Kf5 36. Kg1 d4 37. Kf2 1-0

[Event "*** SCC Grand Prix: Titled Tuesday Blitz"]
[Site "Chess.com"]
[Date "2020.09.29"]
[Round "2"]
[White "keepitcool9499"]
[Black "Oscar-Luna"]
[Result "0-1"]
[WhiteElo "2609"]
[BlackElo "2159"]
[TimeControl "180+1"]
[EndTime "10:16:57 PDT"]
[Termination "Oscar-Luna won by checkmate"]

1. d4 Nf6 2. c4 e5 3. Nc3 exd4 4.
Qxd4 Nc6 5. Qd1 Bb4 6. Bd2 O-O 7. Nf3 Re8 8. e3 d5 9. cxd5 Nxd5 10. Nxd5 Qxd5 11.
Bxb4 Qxd1+ 12. Rxd1 Nxb4 13. a3 Nc6 14. Bb5 Bg4 15. Ke2 Rad8 16. Bxc6 bxc6 17. h3 Be6 18. Rc1 Rb8 19. b4 Bd5 20. Rhd1 a5 21. Rd4 axb4 22.
axb4 f6 23. Rc5 Re4 24. b5 Rxd4 25. Nxd4 Bxg2 26. Nxc6 Bxc6 27. bxc6 Rb6 28. Kf3 Kf7 29. Ke4 Ke6 30. Rh5 h6 31. Rc5 Kd6 32. Rc2 Rxc6 33. Rd2+ Ke6 34. f4 Rc1 35. f5+ Ke7 36. Kf4 Rf1+ 37.
Kg4 Rc1 38. e4 c5 39. Rd5 c4 40. Rc5 c3 41. Rc7+ Kd6 42. Rc8 c2 43. Kh5 Ke5 44.
Re8+ Kf4 45. Rc8 Kxe4 46. Kg6 Rg1+ 47. Kf7 c1=Q 48. Re8+ Kf4 49. Re6 Qc4 50. Ke7 Kxf5 51. Rd6 Qc5 52. Kd7 Qxd6+ 53. Kxd6 Rh1 54. h4 Rxh4 55. Ke7 Re4+ 56. Kf7 Rf4 57. Kg8 h5 58. Kh7 h4 59. Kg8 g5 60. Kf7 g4 61. Kg8 g3 62.
Kf7 g2 63. Kf8 g1=Q 64. Kf7 h3 65. Ke7 h2 66. Kf7 Qg6+ 67. Kf8 Qh7 68. Ke8 Rg4 69.
Kf8 Rg8# 0-1

[Event "*** SCC Grand Prix: Titled Tuesday Blitz"]
[Site "Chess.com"]
[Date "2020.09.29"]
[Round "2"]
[White "Hikaru"]
[Black "Savagelittlemole"]
[Result "1-0"]
[WhiteElo "3245"]
[BlackElo "2612"]
[TimeControl "180+1"]
[EndTime "10:16:58 PDT"]
[Termination "Hikaru won by resignation"]

1. Nf3 Nf6 2. b3 d6 3. d4 Nbd7 4. Bb2 g6 5. e3 Bg7 6. Be2 O-O 7. O-O Re8 8. c4 b6 9. Nc3 Bb7 10. Qc2 e5 11. dxe5 Nxe5 12. Nxe5 Rxe5 13. Rad1 Re8 14.
Nd5 Bxd5 15. cxd5 Ne4 16. Bxg7 Kxg7 17. Rd4 Nf6 18. Rc1 Re7 19. Ba6 Qd7 20. Rc4 b5 21. Rc6 Rb8 22. Qd3 Rb6 23. Bxb5 Rxc6 24. Bxc6 Qg4 25.
Rc4 Qh5 26. h3 Re5 27. Rd4 Rg5 28. Kf1 Re5 29. Qd1 Qh6 30. Bb5 Ne4 31. Qc2 Nf6 32. Qxc7 Rxd5 33. Rxd5 Nxd5 34. Qxa7 Qh5 35. Qd4+ Nf6 36. Be2 Qa5 37. g4 h6 38. a4 Qa8 39.
Kg1 Qc6 40. a5 Qc1+ 41. Bf1 Qa3 42. a6 d5 43. a7 g5 44. Qa4 Qb2 45. a8=Q Ne4 46.
Qd4+ 1-0

[Event "*** SCC Grand Prix: Titled Tuesday Blitz"]
[Site "Chess.com"]
[Date "2020.09.29"]
[Round "2"]
[White "dyziotomi99"]
[Black "parintele_chess"]
[Result "1-0"]
[WhiteElo "2461"]
[BlackElo "2144"]
[TimeControl "180+1"]
[EndTime "10:16:58 PDT"]
[Termination "dyziotomi99 won by resignation"]

1. d4 d5 2. c4 e6 3. Nc3 Bb4 4. Nf3 Nf6 5. Bg5 h6 6. Bh4 g5 7.
Bg3 Ne4 8. Qc2 c5 9. Nd2 cxd4 10. Ncxe4 dxe4 11. Qxe4 Bxd2+ 12. Kxd2 Qa5+ 13. Kd1 Nc6 14. h4 f5 15. Qc2 Nb4 16. Qd2 f4 17. Bh2 Bd7 18.
g3 Ba4+ 19. Kc1 Bb3 20. gxf4 Nxa2+ 21. Rxa2 Qxa2 22. Qd3 Bxc4 23. Qa3 Qxa3 24. bxa3 Bd5 25. Rg1 Rc8+ 26. Kd2 gxh4 27. Bh3 Kd7 28. f5 Rhe8 29. Rg7+ Re7 30. Rg6 exf5 31. Rd6+ Ke8 32. Rxd5 Rec7 33.
Bxc7 Rxc7 34. Bxf5 1-0

[Event "*** SCC Grand Prix: Titled Tuesday Blitz"]
[Site "Chess.com"]
[Date "2020.09.29"]
[Round "2"]
[White "JiiHart"]
[Black "ClydeHillKid"]
[Result "0-1"]
[WhiteElo "2060"]
[BlackElo "2378"]
[TimeControl "180+1"]
[EndTime "10:16:58 PDT"]
[Termination "ClydeHillKid won by checkmate"]

1. e4 e6 2. d4 d5 3. Nc3 Nf6 4. Bg5 Be7 5. e5 Nfd7 6. h4 Bxg5 7. hxg5 Qxg5 8. Nh3 Qe7 9. Qg4 g6 10. O-O-O Nc6 11.
Ng5 h5 12. Qf4 Nb6 13. Rh3 Bd7 14. Rf3 O-O-O 15. Nb5 a6 16. Nc3 Rdf8 17. Be2 Be8 18.
Kb1 Nd7 19. Na4 f6 20. exf6 Rxf6 21. Qd2 Rxf3 22. Nxf3 Nf6 23. Bd3 Nxd4 24. Nxd4 Bxa4 25. Bxg6 Bd7 26. f4 Rg8 27. Bd3 c5 28. Nf3 c4 29. Bf1 Ne4 30. Qd4 c3 31. Ne5 Bb5 32. Bd3 Bxd3 33. cxd3 Rxg2 34. Rc1 Rxb2+ 35. Ka1 Qa3 36.
Rxc3+ Nxc3 37. Qc5+ Qxc5 38. Nd7 Rxa2# 0-1

[Event "*** SCC Grand Prix: Titled Tuesday Blitz"]
[Site "Chess.com"]
[Date "2020.09.29"]
[Round "2"]
[White "ram1zan"]
[Black "csati17"]
[Result "1-0"]
[WhiteElo "2927"]
[BlackElo "2576"]
[TimeControl "180+1"]
[EndTime "10:16:59 PDT"]
[Termination "ram1zan won by resignation"]

1. e4 e6 2. d4 d5 3. Nc3 Bb4 4. e5 Ne7 5. a3 Bxc3+ 6. bxc3 b6 7. Bb5+ c6 8. Bd3 Ba6 9. Qg4 Bxd3 10. cxd3 Nf5 11.
Ne2 h5 12. Qh3 Qh4 13. Qxh4 Nxh4 14. O-O c5 15. a4 Nc6 16. dxc5 bxc5 17. f4 Na5 18.
Ba3 c4 19. dxc4 Nxc4 20. Bc5 Kd7 21. Rfb1 Kc6 22. Nd4+ Kc7 23. Nb5+ Kc6 24. Nxa7+ Rxa7 25. Bxa7 Ra8 26. Bf2 Nf5 27. Rb4 f6 28. exf6 gxf6 29. Re1 Kd6 30. Rd1 Kc6 31. h3 Nfd6 32. Re1 Ne4 33.
Rxc4+ dxc4 34. Rxe4 Rxa4 35. Rxe6+ 1-0

[Event "*** SCC Grand Prix: Titled Tuesday Blitz"]
[Site "Chess.com"]
[Date "2020.09.29"]
[Round "2"]
[White "BocharovD"]
[Black "zajka-molotok"]
[Result "1-0"]
[WhiteElo "2773"]
[BlackElo "2497"]
[TimeControl "180+1"]
[EndTime "10:16:59 PDT"]
[Termination "BocharovD won on time"]

1. c4 Nf6 2. g3 c6 3. Nf3 d5 4.
Bg2 Bf5 5. cxd5 cxd5 6. Qb3 Nc6 7.
Qxb7 Bd7 8. Qb3 e5 9. O-O e4 10. Ne1 Bc5 11. Nc3 Nd4 12. Qd1 h5 13. d3 Bf5 14. Bg5 h4 15. dxe4 dxe4 16. Nxe4 hxg3 17.
Nxc5 Rc8 18. Ncd3 gxh2+ 19. Kh1 Bh3 20. Be3 Nf5 21. Nf4 Bxg2+ 22. Nexg2 Qe7 23. Nd5 Nxd5 24. Qxd5 g6 25. Rad1 Kf8 26. Bd4 Rh5 27. Qe5 Qg5 28. Qf4 Qe7 29. Bc3 Kg8 30. e4 Nh4 31. Qf6 Qxf6 32. Bxf6 1-0

[Event "*** SCC Grand Prix: Titled Tuesday Blitz"]
[Site "Chess.com"]
[Date "2020.09.29"]
[Round "2"]
[White "MarkoPe"]
[Black "chessdjw"]
[Result "0-1"]
[WhiteElo "2154"]
[BlackElo "2626"]
[TimeControl "180+1"]
[EndTime "10:16:59 PDT"]
[Termination "chessdjw won on time"]

1. e4 c5 2. Nf3 d6 3. Bb5+ Nd7 4. O-O a6 5. Bd3 Ngf6 6. c3 b5 7. Bc2 Bb7 8. Re1 c4 9. b3 e6 10. a4 cxb3 11. Bxb3 Be7 12. d3 O-O 13. Be3 Nc5 14.
Bc2 Nxa4 15. Bxa4 bxa4 16. Qxa4 a5 17. Nbd2 Qc7 18. Nc4 Bc6 19. Qa2 a4 20. Reb1 Nd7 21.
Nd4 d5 22. Nxc6 Qxc6 23. exd5 exd5 24. Nb6 Nxb6 25. Bxb6 Bf6 26. d4 h5 27. Bc5 Rfb8 28.
h3 Rxb1+ 29. Rxb1 Qd7 30. Rb6 Qf5 31. Qa3 Re8 32. Qc1 Re2 33. Qf1 Ra2 34. Rb8+ Kh7 35. Rb1 Bh4 36. g3 Bxg3 37. fxg3 Qc2 0-1

[Event "*** SCC Grand Prix: Titled Tuesday Blitz"]
[Site "Chess.com"]
[Date "2020.09.29"]
[Round "2"]
[White "Alindsay211"]
[Black "maxsergej"]
[Result "1-0"]
[WhiteElo "2388"]
[BlackElo "2087"]
[TimeControl "180+1"]
[EndTime "10:16:59 PDT"]
[Termination "Alindsay211 won on time"]

1. e4 e5 2. Nf3 Nc6 3. Bc4 Nf6 4.
d3 h6 5. O-O Be7 6. c3 O-O 7.
Nbd2 Re8 8. Re1 d6 9. h3 a6 10. a4 Bf8 11. Nf1 Na5 12. Ba2 c5 13. Ng3 Qc7 14. b4 Nc6 15. bxc5 dxc5 16. Be3 Bd7 17. Qc2 Rad8 18. Rab1 Bc8 19. Red1 Qa5 20. Nd2 b5 21. axb5 axb5 22. Ra1 Qc7 23. Rdb1 Bd7 24. Qd1 b4 25. cxb4 Nxb4 26. Bc4 Ra8 27. Rxa8 Rxa8 28. Ra1 Bc6 29. Rxa8 Bxa8 30. Qa4 Bc6 31. Qb3 Qd7 32. Nf5 Nh5 33.
g3 Nf6 34. Nf3 Qb7 35. Nxe5 Bxe4 36. Bxf7+ Kh7 37. dxe4 Qxe4 38. Bg6+ Kh8 39. Nf7+ Kg8 40. N7xh6+ 1-0

[Event "*** SCC Grand Prix: Titled Tuesday Blitz"]
[Site "Chess.com"]
[Date "2020.09.29"]
[Round "2"]
[White "Rubinstein_Akiba"]
[Black "chesslh19"]
[Result "1/2-1/2"]
[WhiteElo "2403"]
[BlackElo "2202"]
[TimeControl "180+1"]
[EndTime "10:17:00 PDT"]
[Termination "Game drawn by repetition"]

1. e4 e5 2. Nf3 Nf6 3. Nxe5 d6 4. Nf3 Nxe4 5. Nc3 Nxc3 6. dxc3 Be7 7. Bd3 Nc6 8. Be3 Be6 9. Qd2 Qd7 10. O-O-O Bf6 11.
Kb1 O-O-O 12. Nd4 Nxd4 13. cxd4 d5 14. h3 Kb8 15. Bf4 Bf5 16. Be2 h6 17. g4 Be4 18.
f3 Bh7 19. h4 Be7 20. Bd3 Bxd3 21. Qxd3 Bd6 22. Bc1 a6 23. h5 Qb5 24. Qxb5 axb5 25. Rde1 Rhe8 26. c3 Bg3 27. Reg1 Bd6 28. Rg2 b4 29.
Kc2 bxc3 30. bxc3 f6 31. Kd3 Kc8 32. Bd2 Kd7 33. Rb1 b6 34. Be1 Bf4 35. Bf2 Ra8 36.
Rb2 Re6 37. Rc2 b5 38. Rb2 c6 39. Rg1 Kd6 40. Re1 Rae8 41. Rxe6+ Rxe6 42. Rc2 Re8 43. Rb2 Re6 44. Rc2 Re8 45. Rb2 Re6 1/2-1/2

[Event "*** SCC Grand Prix: Titled Tuesday Blitz"]
[Site "Chess.com"]
[Date "2020.09.29"]
[Round "2"]
[White "Vesper2018"]
[Black "LiemLe"]
[Result "0-1"]
[WhiteElo "2601"]
[BlackElo "2984"]
[TimeControl "180+1"]
[EndTime "10:17:01 PDT"]
[Termination "LiemLe won on time"]

1. e4 c6 2. Nf3 d5 3. exd5 cxd5 4.
Ne5 Nc6 5. d4 a6 6. c3 Nxe5 7.
dxe5 Bf5 8. Bd3 Bxd3 9. Qxd3 e6 10.
O-O Ne7 11. Nd2 Qc7 12. f4 Nf5 13. Nf3 Bc5+ 14. Kh1 O-O-O 15. Nd4 Bxd4 16. cxd4 Qc4 17. Rd1 Qxd3 18. Rxd3 h5 19. Bd2 Kb8 20. g3 Rc8 21. Bc3 Rc4 22. a4 b6 23. Kg2 Kc7 24. b3 Rc6 25.
Kf3 Kd7 26. Ke2 f6 27. Kd2 Ke7 28. a5 Kf7 29. axb6 Rxb6 30. b4 Ne7 31. Rf3 Rhb8 32. Rff1 Nc6 33. Rfb1 a5 34. Ra4 Kg6 35. Kd3 Kf5 0-1

[Event "*** SCC Grand Prix: Titled Tuesday Blitz"]
[Site "Chess.com"]
[Date "2020.09.29"]
[Round "2"]
[White "sjam6687"]
[Black "XDPS"]
[Result "1/2-1/2"]
[WhiteElo "2519"]
[BlackElo "2757"]
[TimeControl "180+1"]
[EndTime "10:17:01 PDT"]
[Termination "Game drawn by repetition"]

1. d4 d5 2. c4 e6 3. Nc3 Nf6 4.
Bg5 c6 5. e3 Nbd7 6. Nf3 Qa5 7.
cxd5 Nxd5 8. Qd2 Bb4 9. Rc1 b6 10. a3 Bxc3 11. bxc3 Ba6 12. c4 Qxd2+ 13. Nxd2 N5f6 14.
f3 h6 15. Bh4 c5 16. Kf2 O-O 17. Be2 Rac8 18. Rhd1 Rfe8 19. g4 cxd4 20. exd4 e5 21. d5 g5 22. Bg3 Nc5 23. Nf1 e4 24. Ne3 exf3 25. Bxf3 Kh7 26. Nf5 Nce4+ 27. Bxe4 Nxe4+ 28. Kf3 Bxc4 29. d6 Bb3 30. d7 Bxd1+ 31. Rxd1 Rc3+ 32. Ne3 Nd2+ 33. Kf2 Ne4+ 34. Kf3 Nd2+ 35. Kf2 Ne4+ 36. Kf3 1/2-1/2

[Event "*** SCC Grand Prix: Titled Tuesday Blitz"]
[Site "Chess.com"]
[Date "2020.09.29"]
[Round "2"]
[White "karenzadita"]
[Black "Smirnov_Pavel"]
[Result "0-1"]
[WhiteElo "2309"]
[BlackElo "2651"]
[TimeControl "180+1"]
[EndTime "10:17:01 PDT"]
[Termination "Smirnov_Pavel won by resignation"]

1. e4 c5 2. Nf3 Nc6 3. c3 Nf6 4. e5 Nd5 5. d4 cxd4 6. cxd4 d6 7.
Bc4 dxe5 8. Nxe5 e6 9. O-O Bd6 10. Nxc6 bxc6 11. Nc3 O-O 12. Re1 Rb8 13. Bb3 Qc7 14. h3 Rd8 15. Ne4 Bh2+ 16. Kh1 Bf4 17. Be3 a5 18. Rc1 a4 19. Bxa4 Rxb2 20. Bxc6 Bxe3 21.
fxe3 Nb4 22. Ba4 Qb7 23. Qf3 Nd3 24. Rxc8 Rxc8 25. Rf1 f5 26. Ng5 Qxf3 27. Nxf3 Kf8 28. Ng5 Ke7 29. Bb3 Rc6 30. Nxh7 Nc1 31. Ba4 Rc4 32. Ng5 Rxa4 33. Rxc1 Raxa2 34. Rg1 Kf6 35. Nf3 Re2 36. Kh2 Rxe3 37. Kg3 g5 38. Rd1 f4+ 39. Kh2 Rxf3 0-1

[Event "*** SCC Grand Prix: Titled Tuesday Blitz"]
[Site "Chess.com"]
[Date "2020.09.29"]
[Round "2"]
[White "Larina_Marija"]
[Black "atalz0"]
[Result "1-0"]
[WhiteElo "2201"]
[BlackElo "2394"]
[TimeControl "180+1"]
[EndTime "10:17:01 PDT"]
[Termination "Larina_Marija won on time"]

1. e4 d5 2. exd5 Nf6 3. d4 Nxd5 4. c4 Nb6 5. Nc3 e5 6. d5 Bb4 7. Qb3 Na6 8. Bd2 Qe7 9. a3 Bd6 10. Ne4 Nc5 11. Nxd6+ cxd6 12. Qg3 O-O 13. Be2 Ne4 14. Qe3 f5 15. Bc1 Bd7 16. f3 Nf6 17. b3 f4 18.
Qc3 Rac8 19. Qd2 e4 20. Bb2 Rce8 21. O-O-O e3 22. Qd4 Bf5 23. h4 h6 24. Nh3 Nh5 25. Nxf4 Nxf4 26. Qxf4 Bc2 27. Qd4 Bxd1 28. Rxd1 Nd7 29.
Bd3 Nc5 30. Bc2 a5 31. b4 axb4 32. axb4 Na6 33. Qd3 g5 34. Qg6+ 1-0

[Event "*** SCC Grand Prix: Titled Tuesday Blitz"]
[Site "Chess.com"]
[Date "2020.09.29"]
[Round "2"]
[White "Jospem"]
[Black "CaspiIsrael"]
[Result "1-0"]
[WhiteElo "2968"]
[BlackElo "2597"]
[TimeControl "180+1"]
[EndTime "10:17:04 PDT"]
[Termination "Jospem won by resignation"]

1. e4 e5 2. Nf3 Nc6 3. Bb5 g6 4. c3 a6 5. Ba4 Bg7 6. d4 exd4 7.
cxd4 b5 8. Bb3 d6 9. a4 Rb8 10.
axb5 axb5 11. d5 Ne5 12. Nxe5 Bxe5 13. Nd2 Ne7 14. O-O O-O 15. h3 Bg7 16. Nf3 c5 17.
dxc6 Nxc6 18. Bg5 Bf6 19. Qd2 Re8 20. Qf4 Kg7 21. Rfd1 Ne5 22. Nxe5 Rxe5 23. Qxe5 dxe5 24. Rxd8 Bxg5 25. Re8 b4 26. h4 Bxh4 27. Rc1 Be6 28. Rxb8 Bxb3 29. Rxb4 Be6 30. Rb8 Bg5 31. Rd1 f5 32.
exf5 gxf5 33. b4 e4 34. b5 Bf4 35. Rb7+ Kg6 36. b6 e3 37. fxe3 Bxe3+ 38. Kh1 f4 39. Re7 Kf6 40. Rxe6+ Kxe6 41. b7 Ba7 42. Rd8 f3 43.
gxf3 Kf5 44. b8=Q 1-0

[Event "*** SCC Grand Prix: Titled Tuesday Blitz"]
[Site "Chess.com"]
[Date "2020.09.29"]
[Round "2"]
[White "KaspMagAlpha"]
[Black "tsvet2005"]
[Result "0-1"]
[WhiteElo "2258"]
[BlackElo "2640"]
[TimeControl "180+1"]
[EndTime "10:17:04 PDT"]
[Termination "tsvet2005 won by checkmate"]

1. d4 d5 2. c4 e6 3. Nf3 Nf6 4. g3 dxc4 5. Bg2 Bb4+ 6. Nc3 O-O 7. O-O Nc6 8. Bg5 h6 9. Bxf6 Qxf6 10. e3 Rb8 11. a4 a6 12. Nd2 Na5 13. Qe2 b5 14. axb5 axb5 15. Rad1 Bb7 16. e4 Qxd4 17. Nb3 Qb6 18.
Nxa5 Bxa5 19. Kh1 Rfd8 20. Rc1 Rd3 21. f4 Rbd8 22. Rc2 Bc6 23. h3 b4 24. Nd1 Qd4 25.
Kh2 Rxd1 26. Rxc4 Qd2 27. Qxd2 R1xd2 28. Rxc6 Rxb2 29. Ra6 Bb6 30. h4 Rdd2 31. Ra8+ Kh7 32. Kh3 Rxg2 33. h5 f5 34. exf5 exf5 35. Rh1 Bg1 36.
g4 fxg4+ 37. Kh4 Bf2# 0-1

[Event "*** SCC Grand Prix: Titled Tuesday Blitz"]
[Site "Chess.com"]
[Date "2020.09.29"]
[Round "2"]
[White "Bulldog167"]
[Black "maximnovik"]
[Result "1/2-1/2"]
[WhiteElo "2798"]
[BlackElo "2516"]
[TimeControl "180+1"]
[EndTime "10:17:05 PDT"]
[Termination "Game drawn by repetition"]

1. d4 Nf6 2. c4 g6 3. Nc3 d5 4.
Nf3 Bg7 5. Bg5 Ne4 6. cxd5 Nxg5 7. Nxg5 e6 8. Qd2 exd5 9. Qe3+ Kf8 10. Qf4 Bf6 11.
h4 h6 12. Nf3 Be6 13. O-O-O Nd7 14. e4 dxe4 15. Ne5 Kg7 16. Nxe4 Bxe5 17. dxe5 Qe7 18. Bb5 c6 19. Ba4 Bd5 20. Bb3 Bxb3 21. axb3 Nxe5 22.
h5 g5 23. Qf5 Rad8 24. Kb1 Rd5 25. Rxd5 cxd5 26. Ng3 Qf6 27. Qc2 Rd8 28. Nf5+ Kh8 29.
Rd1 Nc6 30. g4 d4 31. Qe4 Qe6 32. Qf3 Ne5 33. Qe4 Nc6 34. Qf3 Ne5 35. Qe4 Nc6 1/2-1/2

[Event "*** SCC Grand Prix: Titled Tuesday Blitz"]
[Site "Chess.com"]
[Date "2020.09.29"]
[Round "2"]
[White "norwaytoadog"]
[Black "deribas12345"]
[Result "1-0"]
[WhiteElo "2334"]
[BlackElo "2635"]
[TimeControl "180+1"]
[EndTime "10:17:05 PDT"]
[Termination "norwaytoadog won on time"]

1. e4 c5 2. Nf3 d6 3. Bb5+ Nc6 4. Bxc6+ bxc6 5. O-O g6 6. e5 d5 7. h3 Bg7 8. c3 e6 9. d4 Ba6 10. Re1 cxd4 11.
cxd4 Ne7 12. b3 O-O 13. Ba3 Re8 14. Qd2 Nf5 15. Nc3 Bh6 16. Qb2 Qa5 17. Na4 Rab8 18. Nc5 Bc8 19. b4 Qc7 20. Qc3 Bf8 21. Bc1 Ra8 22. g4 Ne7 23. Bg5 a5 24. a3 Ba6 25.
Qe3 Bc4 26. Bh6 Red8 27. Bxf8 Nf5 28. gxf5 Kxf8 29. Qh6+ Ke8 30. Qg7 gxf5 31. Nxe6 Qe7 32. Nc5 Rab8 33. Ng5 Qf8 34. Qf6 Rb7 35. e6 Re7 36.
exf7+ 1-0

[Event "*** SCC Grand Prix: Titled Tuesday Blitz"]
[Site "Chess.com"]
[Date "2020.09.29"]
[Round "2"]
[White "Rakesh"]
[Black "Roza_Idrisova"]
[Result "1-0"]
[WhiteElo "2400"]
[BlackElo "2118"]
[TimeControl "180+1"]
[EndTime "10:17:06 PDT"]
[Termination "Rakesh won on time"]

1. e4 c6 2. c4 d5 3. cxd5 cxd5 4. exd5 Nf6 5. Qa4+ Nbd7 6. Nc3 g6 7. Bc4 Bg7 8.
Nf3 O-O 9. d3 a6 10. Qa3 b6 11.
O-O Bb7 12. Re1 Re8 13. Ng5 b5 14. Bb3 Nb6 15. d6 e6 16. Nge4 Nfd5 17. Bg5 f6 18.
Nxd5 Bxd5 19. Bxd5 Nxd5 20. Bd2 Bf8 21. Qb3 Bxd6 22.
a4 b4 23. h4 Bf8 24. h5 Bg7 25. hxg6 hxg6 26. Rac1 Rc8 27. Nc5 Qb6 28. Nxe6 Rxc1 29. Bxc1 Rxe6 30. Qxd5 Kf7 31. Rxe6 Qxe6 32. Qb7+ Kg8 33.
Qxb4 f5 34. Qc4 Kf7 35. Kf1 Ke7 36. Bg5+ Kd7 37. Qxe6+ Kxe6 38. b3 Kd5 39. Be3 Bc3 40. Ke2 a5 41. Kd1 Bb4 42. Kc2 Bd6 43. f3 Bc7 44.
Bd2 Bb6 45. Bh6 Bc7 46. Bg7 Bb6 47. Bc3 Bc7 48. Kd2 Bb6 49. Ke2 Ke6 50. g3 Kd5 51. Be1 1-0

[Event "*** SCC Grand Prix: Titled Tuesday Blitz"]
[Site "Chess.com"]
[Date "2020.09.29"]
[Round "2"]
[White "EvgenyRomanov"]
[Black "dominikaf"]
[Result "1-0"]
[WhiteElo "2583"]
[BlackElo "2319"]
[TimeControl "180+1"]
[EndTime "10:17:08 PDT"]
[Termination "EvgenyRomanov won on time"]

1. d4 Nf6 2. c4 g6 3. Nc3 Bg7 4. e4 d6 5. h3 O-O 6. Bg5 e5 7.
d5 Nbd7 8. Bd3 h6 9. Be3 Nc5 10. Bc2 a5 11. Qd2 Kh7 12. g4 Ne8 13. Nge2 f5 14.
exf5 gxf5 15. Ng3 e4 16. Nxf5 Rxf5 17. gxf5 Bxf5 18. Bxc5 dxc5 19. Bxe4 Qe7 20. f3 Qh4+ 21.
Qf2 Qf4 22. Ne2 Qe5 23. Qg3 Qf6 24. Rg1 Nd6 25. Nc3 Re8 26. O-O-O a4 27. a3 Re7 28. Rde1 b6 29. Bxf5+ Nxf5 30. Qf4 Rxe1+ 31. Rxe1 h5 32. Re6 Qf7 33. Ne4 Bh6 34. Rxh6+ Nxh6 35. Ng5+ 1-0